 Dungeon Crawl Stone Soup version 0.17-a0-719-g32c6a46 (webtiles) character file.

98 DEFE the Sneak (level 5, 0/30 HPs)
             Began as a Kobold Ice Elementalist on Apr 20, 2015.
             Killed from afar by Sigmund (4 damage)
             ... with a magic dart
             ... on level 3 of the Dungeon.
             The game lasted 00:07:15 (3207 turns).

DEFE the Sneak (Kobold Ice Elementalist)            Turns: 3207, Time: 00:07:15

Health: 0/30       AC:  2    Str:  6    XL:     5   Next: 0%
Magic:  2/8        EV: 16    Int: 16    God:
Gold:   97         SH:  0    Dex: 17    Spells: 1 memorised, 7 levels left

rFire  . . .     SeeInvis .     i - +0 mace (venom)
rCold  . . .     Clarity  +     a - +0 robe
rNeg   . . .     SustAb   .     (shield restricted)
rPois  .         Gourm    .     (no helmet)
rElec  .         Spirit   .     (no cloak)
rCorr  .         Warding  .     (no gloves)
rMut   .         Stasis   .     (no boots)
MR     .....                    k - amulet of inaccuracy (curse)
Stlth  +++.......               (no ring)
                                (no ring)

@: slowed, very slow, not resistant to hostile enchantments, fairly stealthy
A: carnivore 3, clarity, clever 1
a: no special abilities


You were on level 3 of the Dungeon.
You were full.

You visited 1 branch of the dungeon, and saw 3 of its levels.

You collected 97 gold pieces.

Inventory:

Hand weapons
 e - a +0 dagger
 i - a +0 mace of venom (weapon)
 m - a +0 rapier
Armour
 a - a +0 robe (worn)
Jewellery
 k - a cursed amulet of inaccuracy (around neck)
Potions
 g - a potion of mutation
Books
 b - a book of Frost

   Spells                             Type                      Level
   a - Freeze                         Ice                          1
   b - Throw Frost                    Conjuration/Ice              2
   c - Ozocubu's Armour               Charms/Ice                   3
   d - Throw Icicle                   Conjuration/Ice              4
   e - Summon Ice Beast               Ice/Summoning                4
   f - Condensation Shield            Ice                          4
 o - an Akashic Record {highlevel}

   This book is beyond your current level of understanding.

   Spells                             Type                      Level
   a - Dispersal                      Translocation                6
   b - Controlled Blink               Translocation                7
   c - Malign Gateway                 Summoning/Translocation      7
   d - Disjunction                    Translocation                8
   e - Singularity                    Translocation                9
Comestibles
 c - a meat ration
 f - a slice of pizza


   Skills:
 + Level 2.0 Fighting
 + Level 3.7 Dodging
 + Level 3.9 Stealth
 + Level 2.4 Spellcasting
   Level 0.8 Conjurations
 + Level 3.2 Ice Magic


You had 7 spell levels left.
You knew the following spells:

 Your Spells              Type           Power        Failure   Level  Hunger
a - Freeze                Ice            ##..         8%          1    #......


Dungeon Overview and Level Annotations

Branches:
Dungeon (3/15)

Altars:

Annotations:
D:3 Sigmund; masdan's ghost, average MiGl


Innate Abilities, Weirdness & Mutations

You are small and have problems with some larger weapons.
You are carnivorous and can eat meat at any time.
You possess an exceptional clarity of mind.
Your mind is acute. (Int +2)


Message History

You hear a zap.
Something tries to affect you, but you resist.
You hear a zap.
Something tries to affect you, but you resist.
You hear a zap.
You feel yourself slow down. Something completely misses you.
You hear a zap.
Something tries to affect you, but you resist.
You hear a zap.
Something tries to affect you, but you resist.
Something hits you but does no damage. Something hits you.
* * * LOW HITPOINT WARNING * * *
Unknown command.
You feel less woody.
Your +0 robe unmelds from your body.
A magic dart appears from out of thin air!
The magic dart hits you!
You die...

..# #. ### .. #
#.###### # #
##......# #
#.#>......### #
#............
########.......#
#.†{h.......<..#
#@##########..##
#†).......).(..##
############....#
##...# #...##
#..... #..###
#.(## #...#


You could see a jackal.

Vanquished Creatures
  5 adders (D:2)
  A worm (D:2)
  A giant gecko (D:1)
  5 orcs (D:3)
  2 ball pythons
  3 giant cockroaches
  2 hobgoblins
  6 jackals
  4 kobolds
  5 bats
  2 giant newts
  5 goblins
  4 rats
45 creatures vanquished.

Notes
Turn   | Place    | Note
--------------------------------------------------------------
     0 | D:1      | DEFE, the Kobold Ice Elementalist, began the quest for the Orb.
     0 | D:1      | Reached XP level 1. HP: 10/10 MP: 3/3
   254 | D:1      | Reached XP level 2. HP: 13/15 MP: 3/5
  1247 | D:2      | Reached XP level 3. HP: 11/20 MP: 6/6
  1420 | D:2      | Reached skill level 1 in Fighting
  1935 | D:2      | You fall through a shaft!
  1935 | D:3      | Noticed masdan's ghost (average MiGl)
  2004 | D:2      | Reached XP level 4. HP: 11/25 MP: 5/7
  3105 | D:3      | Noticed Sigmund
  3180 | D:3      | Gained mutation: Your mind is acute. (Int +2) [potion of beneficial mutation]
  3181 | D:3      | Gained mutation: You possess an exceptional clarity of mind. [potion of beneficial mutation]
  3198 | D:3      | Reached XP level 5. HP: 6/30 MP: 1/8
  3207 | D:3      | Killed from afar by Sigmund

Action                   |  1- 3 |  4- 6 || total
-------------------------+-------+-------++-------
Melee: Dagger            |    26 |       ||    26
       Mace              |    11 |    28 ||    39
 Cast: Freeze            |    22 |    22 ||    44
  Use: Scroll            |     1 |     8 ||     9
       Potion            |       |     3 ||     3
 Stab: Sleeping          |     2 |       ||     2
  Eat: Chunk             |     8 |     5 ||    13
